 Dungeon Crawl Stone Soup version 0.20-a0-16-g0876c8e (webtiles) character file.

162 GordonOverkill the Cleaver (level 5, -5/40 HPs)
             Began as a Hill Orc Wanderer on Nov 4, 2016.
             Was a Follower of Trog.
             Slain by an orc warrior
             ... wielding a +0 scimitar
              (15 damage)
             ... on level 3 of the Dungeon.
             The game lasted 00:06:39 (3922 turns).

GordonOverkill the Cleaver (Hill Orc Wanderer)      Turns: 3922, Time: 00:06:40

Health: -5/40      AC:  9    Str: 14    XL:     5   Next: 43%
Magic:  5/5        EV:  6    Int: 13    God:    Trog [*.....]
Gold:   163        SH:  0    Dex: 11    Spells: 0 memorised, 4 levels left

rFire  . . .     SeeInvis .     s - +0 broad axe
rCold  . . .     Gourm    .     q - +0 chain mail
rNeg   . . .     Faith    .     (no shield)
rPois  .         Spirit   .     o - +0 helmet
rElec  .         Reflect  .     (no cloak)
rCorr  .         Harm     .     (no gloves)
MR     .....                    (no boots)
Stlth  ..........               (no amulet)
                                (no ring)
                                (no ring)

@: no status effects
A: no striking features
a: Berserk, Burn Spellbooks, Renounce Religion


You were on level 3 of the Dungeon.
You worshipped Trog.
Trog was aware of your devotion.
You were not hungry.

You visited 1 branch of the dungeon, and saw 4 of its levels.

You collected 163 gold pieces.

Inventory:

Hand Weapons
 s - a +0 broad axe (weapon)
Armour
 o - a +0 helmet (worn)
 q - a +0 chain mail (worn)
Scrolls
 e - a scroll of amnesia
 g - a scroll of noise {unknown}
 h - a scroll of random uselessness {unknown}
 i - a scroll of immolation {unknown}
 j - 3 scrolls of magic mapping {unknown}
 k - 4 scrolls of remove curse {unknown}
 l - 3 scrolls of teleportation {unknown}
 m - 3 scrolls of identify {unknown}
 n - 2 scrolls of enchant armour {unknown}
 r - a scroll of fog {unknown}
Potions
 a - a potion of haste {unknown}
 b - 2 potions of lignification
 c - a potion of ambrosia {unknown}
 p - a potion of heal wounds {unknown}
 t - a potion of magic {unknown}
Comestibles
 d - 8 chunks of flesh
 f - 2 bread rations


   Skills:
 - Level 1.2 Fighting
 + Level 9.4 Axes
 - Level 1.0 Throwing
 - Level 2.1 Armour
   Level 1.0 Evocations


You had 4 spell levels left.
You didn't know any spells.

Dungeon Overview and Level Annotations

Branches:
Dungeon (4/15)
 Temple: D:4-7

Altars:
Trog


Message History

No target in view!
No target in view!
Found 12 bolts.
An orc warrior comes into view. It is wielding a scimitar.
The orc warrior shouts!
An orc comes into view. It is wielding a club.
An orc comes into view. It is wielding a flail.
The orc shouts!
The orc shouts!
Some of the chunks of flesh in your inventory have rotted away.
You barely miss the orc warrior.
The orc warrior hits you with a scimitar!!
You closely miss the orc warrior.
The orc warrior hits you with a scimitar!
* * * LOW HITPOINT WARNING * * *
There is a stone staircase leading up here.
You climb upwards.
There is a stone staircase leading down here.
The orc warrior hits you with a scimitar!
You die...

#.........## #..>....#
#.......#..# ##.##.###
#..........####.##...#
#######.....(...######
#.....###.# #...(..##.#
#######..(......#
#.....#.(..#o##.#
#####...........@>#.#
..##...........####.#
#.#.......###..####.##
#............)...##..#
#...<........#.#.###.#
#.#..##'#....#.#.###.#
#.#..##......#.#..##.##
#...###...............#
#............#.##.##..#


You could see an orc warrior.

Vanquished Creatures
  A hound (D:3)
  3 adders (D:3)
  An ooze (D:3)
  2 worms (D:3)
  A dart slug (D:2)
  3 leopard geckos
  8 orcs
  11 bats
  A giant cockroach (D:3)
  8 goblins
  7 hobgoblins
  5 jackals
  3 quokkas
  2 ball pythons
  3 frilled lizards
  7 kobolds
  16 rats
82 creatures vanquished.

Notes
Turn   | Place    | Note
-------+----------+-------------------------------------------
     0 | D:1      | GordonOverkill the Hill Orc Wanderer began the quest for the Orb.
     0 | D:1      | GordonOverkill set off with: a +2 hand axe, a potion of lignification, a potion of curing, a +0 robe, a bread ration
     0 | D:1      | Reached XP level 1. HP: 16/16 MP: 1/1
   312 | D:1      | Reached skill level 7 in Axes
   317 | D:1      | Reached XP level 2. HP: 15/23 MP: 2/2
   435 | D:1      | You fall through a shaft!
  1327 | D:1      | Reached XP level 3. HP: 28/28 MP: 3/3
  1458 | D:2      | Noticed a moth of wrath
  1461 | D:2      | Found a bloodstained altar of Trog.
  1493 | D:2      | Became a worshipper of Trog the Wrathful
  2271 | D:2      | Reached skill level 8 in Axes
  2486 | D:3      | Reached XP level 4. HP: 35/35 MP: 4/4
  2830 | D:3      | Reached skill level 9 in Axes
  3054 | D:3      | Reached XP level 5. HP: 25/40 MP: 5/5
  3055 | D:3      | Reached * piety under Trog
  3880 | D:4      | Noticed an orc warrior
  3922 | D:3      | Slain by an orc warrior

Vault maps used:
D:1:      scummos_arrival_simple_crosswalls
D:2:      tgw_trog
D:3:      kb_forest_paths, first_bread, minmay_close_crescents
D:4:      serial_shops, shop, uniq_eustachio

Skill      XL: |  1  2  3  4 |
---------------+-------------+-----
Axes           | 7 8 9 |  9.4
Fighting       | |  1.2
Throwing       | |  1.0
Armour         | |  2.1
Evocations     | |  1.0

Action                   |  1- 3 |  4- 6 || total
-------------------------+-------+-------++-------
Melee: Hand axe          |   126 |    31 ||   157
       Broad axe         |       |   103 ||   103
  Use: Potion            |       |     4 ||     4
       Scroll            |       |     1 ||     1
  Eat: Chunk             |     5 |     2 ||     7
       Meat ration       |       |     1 ||     1
Armor: Ring mail         |    35 |    62 ||    97
       Robe              |     7 |       ||     7
       Chain mail        |       |    18 ||    18
Dodge: Dodged            |    77 |    78 ||   155
